AoeStats
← TW_Jerry YT @TW-aoe2noobs

Black Forest

507268944Analyzed
4v4 RM · 15d ago on Sep 17, 2026· 61m 51s· 8 players
Game mode
Random Map
Map size
Large (8 player)
Population
200
Speed
Normal
Resources
Standard
Victory
Conquest
Starting age
Dark Age
Ending age
Imperial Age
RankedLock teamsTeams togetherTeam positionsShared explorationLock speedFull tech treeHidden civsTurbo modeCheats
Victory
Defeat
🇩🇪 Chinese · Germany
1565
+15
🇨🇳 Vikings · China
1532
+17
🇳🇱 Mongols · Netherlands
1502
+18
🇩🇪 Burgundians · Germany
1449
+20
🇹🇼 Koreans · Taiwan
1756
-24
🇦🇷 Spanish · Argentina
1627
-20
🇹🇼 Celts · Taiwan
1623
-21
🇹🇼 Britons · Taiwan
1181
-5
Dani_AOE2
2:33 Loom
11:29 Feudal Age
15:03 Castle Age
14:26 Double-Bit Axe
14:23 Horse Collar
16:15 Heavy Plow
21:25 Town Watch
25:27 Stone Mining
26:12 Fortified Wall
26:07 Fletching
26:17 Padded Archer Armor
27:42 Wheelbarrow
27:18 Bodkin Arrow
27:23 Padded Archer Armor
27:48 Ballistics
28:38 Padded Archer Armor
32:29 Imperial Age
31:01 Leather Archer Armor
30:51 Scale Barding Armor
30:56 Forging
32:47 Bloodlines
32:37 Husbandry
32:47 Thumb Ring
33:11 Husbandry
32:32 Light Cavalry
33:40 Bracer
33:22 Elite Mangudai
34:57 Chain Barding Armor
35:13 Iron Casting
34:49 Husbandry
36:47 Hussar
38:28 Blast Furnace
37:07 Capped Ram
38:35 Conscription
39:02 Drill
40:56 Chemistry
40:02 Siege Engineers
40:52 Capped Ram
43:16 Siege Ram
49:19 Caravan
49:16 Onager
53:30 Masonry
57:22 Siege Onager
Kempinho
12:15 Feudal Age
15:57 Castle Age
15:14 Double-Bit Axe
20:42 Horse Collar
25:54 Wheelbarrow
29:57 Imperial Age
27:13 Loom
28:01 Ballistics
27:34 Fletching
27:52 Gold Mining
27:53 Stone Mining
28:33 Thumb Ring
28:40 Masonry
29:16 Bow Saw
29:10 Heavy Plow
29:28 Caravan
29:40 Bodkin Arrow
29:54 Padded Archer Armor
30:59 Hand Cart
31:24 Conscription
32:09 Chemistry
31:17 Bracer
32:26 Stone Shaft Mining
32:26 Gold Shaft Mining
32:34 Elite Chu Ko Nu
34:08 Leather Archer Armor
35:43 Ring Archer Armor
35:59 Architecture
36:03 Rocketry
37:59 Scale Barding Armor
38:06 Forging
40:14 Scale Mail Armor
40:49 Iron Casting
39:36 Pikeman
40:17 Squires
40:02 Arson
42:05 Chain Mail Armor
50:31 Two-Man Saw
51:14 Murder Holes
53:21 Coinage
大骚刚
0:39 Loom
11:51 Feudal Age
15:25 Castle Age
13:14 Double-Bit Axe
13:19 Horse Collar
16:23 Bow Saw
16:16 Heavy Plow
23:16 Gold Mining
24:54 Gold Shaft Mining
26:53 Coinage
30:07 Imperial Age
27:45 Scale Mail Armor
27:56 Forging
27:37 Fletching
27:47 Padded Archer Armor
27:37 Treadmill Crane
28:08 Masonry
27:50 Gambesons
28:05 Squires
27:50 Arson
29:35 Chain Mail Armor
29:55 Iron Casting
29:07 Crossbowman
29:07 Elite Skirmisher
29:10 Man-at-Arms
29:12 Pikeman
29:44 Man-at-Arms
30:48 Chieftains
31:39 Conscription
30:50 Long Swordsman
32:12 Plate Mail Armor
31:40 Two-Handed Swordsman
34:04 Blast Furnace
33:53 Champion
39:29 Conscription
42:06 Onager
46:49 Caravan
47:19 Banking
48:14 Fortified Wall
52:28 Two-Man Saw
55:39 Blast Furnace
eraycoskun33
0:47 Loom
8:09 Double-Bit Axe
13:42 Feudal Age
16:10 Scale Mail Armor
18:40 Bow Saw
22:47 Castle Age
20:45 Stone Mining
23:38 Wheelbarrow
25:01 Two-Man Saw
26:20 Horse Collar
27:01 Heavy Plow
31:56 Hand Cart
32:27 Gold Mining
36:47 Imperial Age
35:07 Forging
35:03 Scale Barding Armor
35:58 Gold Shaft Mining
36:22 Burgundian Vineyards
37:09 Husbandry
37:02 Elite Coustillier
38:18 Chain Barding Armor
38:34 Iron Casting
50:10 Hoardings
51:29 Guilds
59:07 Plate Barding Armor
59:33 Blast Furnace
61:28 Caravan
TW_HIHAO
11:34 Feudal Age
15:12 Castle Age
13:26 Double-Bit Axe
14:54 Stone Mining
17:41 Bow Saw
22:33 Padded Archer Armor
24:16 Horse Collar
26:35 Wheelbarrow
27:12 Heavy Plow
28:19 Hand Cart
33:14 Imperial Age
31:14 Scale Barding Armor
31:20 Forging
31:12 Gold Mining
31:16 Town Watch
32:23 Chain Barding Armor
32:37 Loom
33:31 Iron Casting
33:49 Husbandry
34:36 Plate Barding Armor
33:33 Cavalier
34:24 Bloodlines
36:07 Chemistry
36:31 Blast Furnace
35:42 Paladin
37:29 Conscription
39:27 Light Cavalry
43:56 Hussar
47:52 Fortified Wall
50:46 Masonry
ANKR.Tank20089
3:09 Loom
13:59 Feudal Age
17:33 Castle Age
16:04 Fishing Lines
16:40 Double-Bit Axe
16:47 Gold Mining
18:34 Bow Saw
19:57 Gillnets
20:16 Horse Collar
22:12 Heavy Plow
23:58 Stone Mining
25:05 Wheelbarrow
25:39 Gold Shaft Mining
29:28 Imperial Age
27:28 Hand Cart
27:00 Town Watch
28:42 Town Patrol
28:39 Fletching
29:53 Heavy Rocket Cart
31:38 Chemistry
31:04 Bodkin Arrow
32:19 Two-Man Saw
33:22 Eupseong
33:24 Bracer
33:46 Ballistics
33:33 Siege Engineers
33:52 Ballistics
35:05 Shinkichon
35:14 Caravan
35:34 Arrowslits
36:54 Scale Mail Armor
37:05 Forging
39:54 Pikeman
41:05 Squires
41:22 Chain Mail Armor
41:19 Halberdier
43:50 Plate Mail Armor
43:56 Iron Casting
46:19 Scale Barding Armor
48:34 Masonry
48:05 Treadmill Crane
50:16 Guilds
TW_Jerry YT @TW-aoe2noobs
11:54 Feudal Age
15:27 Castle Age
13:22 Horse Collar
13:32 Double-Bit Axe
16:32 Bow Saw
16:59 Horse Collar
18:18 Wheelbarrow
22:07 Stone Mining
23:14 Gold Mining
24:17 Fishing Lines
28:28 Imperial Age
25:55 Gillnets
25:53 Loom
26:09 Scale Mail Armor
26:19 Forging
27:27 Stone Shaft Mining
27:29 Gold Shaft Mining
27:28 Chain Mail Armor
28:57 Iron Casting
28:33 Arson
28:29 Capped Ram
29:17 Siege Engineers
29:40 Conscription
29:01 Elite Woad Raider
31:27 Siege Ram
32:58 Plate Mail Armor
36:00 Blast Furnace
35:03 Pikeman
37:54 Ballistics
38:34 Chemistry
41:03 Masonry
45:28 Hand Cart
45:21 Halberdier
49:49 Treadmill Crane
50:22 Furor Celtica
50:09 Onager
54:20 Siege Onager
椎名真晝我婆
2:57 Loom
12:28 Feudal Age
13:07 Double-Bit Axe
18:31 Castle Age
17:29 Town Watch
17:27 Fishing Lines
20:46 Wheelbarrow
21:56 Bow Saw
22:51 Gillnets
26:35 Gold Mining
28:00 Hand Cart
29:49 Gold Shaft Mining
29:12 Stone Mining
29:07 Horse Collar
33:28 Imperial Age
31:24 Fletching
31:34 Padded Archer Armor
31:18 Treadmill Crane
31:49 Masonry
32:01 Ballistics
33:10 Bodkin Arrow
33:31 Leather Archer Armor
32:39 Crossbowman
33:31 Arbalester
34:27 Guilds
35:22 Chemistry
34:53 Architecture
34:43 Caravan
34:59 Bracer
36:13 Siege Engineers
37:27 Ring Archer Armor
37:05 Siege Engineers
39:34 Murder Holes
39:26 Arrowslits
39:31 Guard Tower
41:54 Two-Man Saw
40:58 Heavy Plow
42:07 Keep
41:23 Elite Skirmisher
Connection lost

Rejoining the realm…

Still unreachable

The connection could not be restored.

Session expired

The server has moved on; the page needs a fresh start.